Map: Cerulean Fall LE

Players

Piroxiljin - Winner!

  • Race: Terran Terran
  • Spawn Location: 7:00

VOD

Have the link to the VOD?

Description

Time

  • Played on: Jan. 20, 2019, 7:11 a.m.
  • Length: 26:41
Show
View Real Time Build Order
Export as new Build Order

Piroxiljin Terran - Winner!

Build Orders:  

Get SALT Encoding   

  12  0:01  SCV  
  13  0:20  SCV  
  13  0:27  Supply Depot  
  14  0:37  SCV  
  15  0:52  Refinery  
  15  0:59  SCV  
  16  1:09  Barracks  
  16  1:17  SCV  
  17  1:34  SCV  
  17  1:35  Refinery  
  18  1:51  SCV  
  18  1:56  Supply Depot  
  19  2:08  SCV  
  20  2:18  Barracks Reactor  
  20  2:42  Factory  
  20  2:44  Orbital Command  
  20  3:09  Marine x2  
  22  3:22  SCV  
  23  4:31  Barracks Tech Lab  
  23  4:39  SCV  
  24  4:48  Hellion x2  
  28  4:56  SCV  
  29  5:04  Supply Depot  
  29  5:13  SCV  
  29  5:17  Command Center  
  30  5:29  SCV  
  30  5:31  Widow Mine x2  
  35  5:50  Marauder  
  35  5:53  Factory  
  35  5:59  Concussive Shells  
  37  6:20  Marauder  
  33  6:47  Hellion x2  
  37  7:25  Barracks Tech Lab  
  37  7:27  SCV  
  37  7:29  Engineering Bay  
  38  7:44  SCV  
  39  8:05  Supply Depot  
  39  8:12  SCV  
  40  8:26  SCV  
  40  8:29  Refinery x2  
  41  8:42  SCV, Hellion x2  
  41  8:45  Siege Tank  
  49  8:56  Supply Depot  
  49  8:57  Terran Infantry Weapons Level 1  
  49  9:04  Engineering Bay  
  49  9:17  Armory  
  49  9:22  Marauder  
  49  9:23  Factory  
  49  9:26  Hellion  
  53  9:30  Siege Tank  
  53  9:33  Unknown  
  52  10:06  Terran Infantry Armor Level 1  
  52  10:14  Hellion x2  
  48  10:32  SCV, Supply Depot  
  48  10:37  SCV  
  50  10:48  SCV  
  51  10:51  Factory Tech Lab  
  51  10:53  SCV  
  51  10:59  Factory  
  52  11:06  Marine  
  52  11:09  Terran Vehicle Weapons Level 1  
  53  11:31  Marine  
  53  11:37  SCV  
  55  11:44  Orbital Command  
  55  11:56  Marine  
  55  11:57  Starport  
  56  12:06  Command Center  
  56  12:10  Stimpack  
  56  12:12  Drilling Claws  
  56  12:17  Factory Tech Lab  
  56  12:26  Siege Tank x2  
  56  12:28  Widow Mine x2  
  66  12:48  SCV  
  67  12:53  Starport Tech Lab  
  67  12:57  Structure Armor  
  67  13:08  Hellbat x2  
  71  13:11  Cyclone x2  
  77  13:46  Siege Tank  
  77  13:48  Supply Depot  
  80  13:52  Supply Depot  
  80  13:56  Supply Depot, Siege Tank  
  80  13:57  Supply Depot  
  83  14:01  SCV, Supply Depot  
  84  14:18  SCV  
  85  14:23  Supply Depot  
  85  14:27  Refinery  
  85  14:33  Refinery  
  85  14:35  SCV  
  85  14:38  Orbital Command  
  86  14:54  Cyclone  
  86  14:55  Cyclone x2  
  95  15:25  Terran Vehicle And Ship Armor Level 1  
  95  15:38  Armory  
  95  15:49  Siege Tank x3  
  95  15:50  Siege Tank x3  
  95  16:02  SCV  
  96  16:19  SCV  
  95  16:44  Marauder  
  95  16:47  Siege Tank  
  95  16:48  Siege Tank  
  95  16:49  Thor  
  109  17:04  Raven  
  111  17:14  Marauder  
  113  17:44  Marine  
  114  17:52  Missile Turret  
  114  17:59  SCV x2  
  116  18:09  Marine  
  117  18:15  SCV  
  117  18:16  SCV  
  119  18:47  SCV  
  120  19:04  SCV  
  121  19:21  SCV  
  122  19:36  Terran Infantry Weapons Level 2  
  122  19:38  SCV, Terran Vehicle And Ship Armor Level 2  
  122  19:40  Terran Vehicle Weapons Level 2  
  122  19:44  Thor  
  122  19:48  Hellbat x2  
  132  19:50  Siege Tank  
  132  19:56  Viking  
  137  20:18  Hellion  
  139  20:32  SCV  
  140  20:49  SCV  
  141  20:50  Supply Depot  
  141  20:52  Supply Depot  
  141  20:54  Supply Depot  
  141  20:57  Supply Depot  
  141  20:59  Supply Depot  
  141  21:20  Missile Turret, Viking, Thor  
  141  21:22  Siege Tank  
  141  21:28  Command Center  
  152  21:35  SCV x2  
  152  21:36  SCV, Siege Tank x5  
  152  21:39  Thor  
  157  22:02  Raven  
  157  22:07  Thor  
  165  22:20  Cyclone  
  168  22:39  Cyclone  
  171  23:02  Viking  
  171  23:03  Missile Turret  
  171  23:05  Cyclone  
  176  23:12  SCV  
  177  23:29  SCV  
  178  23:36  Missile Turret  
  178  23:42  SCV  
  178  23:44  Viking  
  178  23:46  SCV  
  182  23:59  SCV  
  183  24:02  SCV  
  184  24:27  SCV  
  184  24:29  Missile Turret  
  185  24:37  Siege Tank x2  
  185  24:38  Siege Tank x5  
  185  24:44  SCV  
  186  24:58  Refinery x2  
  186  25:00  Siege Tank  
Tags
 
Add a new tag
Caveats
  • Supply blocks, unpowered buildings, or Contaminate may cause inaccurate times.
  • Supply counts are checked every 10 seconds.